 Dungeon Crawl Stone Soup version 0.29-a0-284-gf9362112df (webtiles) character file.

Game seed: 8871871412688726266

14254 FrostSilk the Severer (level 11, 0/171 HPs)
             Began as a Minotaur Berserker on Mar 15, 2022.
             Was a Priest of Trog.
             Slain by a two-headed ogre
             ... wielding a +0 giant spiked club
              (6 damage)
             ... on level 2 of the Orcish Mines.
             The game lasted 00:44:27 (14293 turns).

FrostSilk the Severer (Minotaur Berserker)         Turns: 14293, Time: 00:44:27

Health: 0/171      AC: 18    Str: 26    XL:     11   Next: 86%
Magic:  9/10       EV:  9    Int:  4    God:    Trog [***...]
Gold:   822        SH:  0    Dex: 10    Spells: 10/10 levels left

rFire   + . .      SeeInvis .   s - +0 hand axe (elec)
rCold   . . .      Faith    .   (no shield)
rNeg    . . .      Spirit   .   y - +0 plate armour
rPois   +          Reflect  .   G - +3 hat of the Past {+Blink rPois Slay+3}
rElec   .          Harm     .   (no cloak)
rCorr   .          Rampage  .   (no gloves)
Will    .....                   (no boots)
Stlth   ..........              f - amulet of regeneration
HPRegen 1.18/turn               (no ring)
MPRegen 0.12/turn               (no ring)

@: berserking, on blink cooldown, hasted, very quick
A: horns 2, retaliatory headbutt, fire resistance 1, robust 1
a: Renounce Religion, Evoke Blink, Berserk, Trog's Hand


You were on level 2 of the Orcish Mines.
You worshipped Trog.
Trog was most pleased with you.
You visited 3 branches of the dungeon, and saw 12 of its levels.
You also visited: Sewer.

You collected 822 gold pieces.

Inventory:

Hand Weapons
 n - a +0 battleaxe
 s - a +0 hand axe of electrocution (weapon)
 v - the +6 dagger of Pain and Death {drain, Will+ Int+2}
   (You found it on level 4 of the Dungeon)

   A truly terrible weapon, it drains the life of any living foe it strikes.
   Int:       It affects your intelligence (+2).
   Will:      It increases your willpower.
 B - the +4 hunting sling "Kicouppili" {speed, rElec}
   (You took it off a gnoll on level 8 of the Dungeon)

   Attacks with this weapon are significantly faster.
   rElec:     It insulates you from electricity.
Missiles
 u - 6 poisoned darts
 C - 5 throwing nets
 D - 5 atropa-tipped darts
Armour
 y - a +0 plate armour (worn)
 z - a +2 chain mail
 F - a +0 buckler
 G - the +3 hat of the Past (worn) {+Blink rPois Slay+3}
   (You found it on level 9 of the Dungeon)

   Slay:      It affects your accuracy & damage with ranged weapons and melee
   (+3).
   rPois:     It protects you from poison.
   +Blink:    It lets you blink.
 H - the +0 mask of the Dragon {Will+ Slay+3 SInv}
   (You found it on level 9 of the Dungeon)

   Slay:      It affects your accuracy & damage with ranged weapons and melee
   (+3).
   SInv:      It lets you see invisible.
   Will:      It increases your willpower.
Jewellery
 b - an amulet of magic regeneration
 f - an amulet of regeneration (around neck)
 w - an amulet of the acrobat
Wands
 l - a wand of polymorph (11)
 m - a wand of mindburst (4)
 p - a wand of iceblast (2) (quivered)
 q - a wand of flame (1)
 A - a wand of charming (11)
Scrolls
 a - a scroll of identify
 g - 2 scrolls of magic mapping
 r - a scroll of blinking
 t - a scroll of holy word
 E - 2 scrolls of teleportation
Potions
 d - 4 potions of curing
 e - a potion of resistance {unknown}
 i - 2 potions of magic
 j - 2 potions of invisibility {unknown}
 k - 2 potions of mutation
 o - 2 potions of flight
 x - a potion of might {unknown}


   Skills:
 + Level 12.1 Fighting
 * Level 15.6 Axes
 + Level 11.8 Armour
 - Level 5.1 Dodging


You had 10 spell levels left.
You didn't know any spells.
Your spell library was empty.

Dungeon Overview and Level Annotations

Branches:
Dungeon (9/15)             Temple (1/1) D:5            Lair (0/6) D:9
    Orc (2/2) D:9           Sewer (visited)
    Elf: Orc:2

Altars:
Ashenzari
Cheibriados
Elyvilon
Gozag
Kikubaaqudgha
Nemelex Xobeh
Ru
Trog
Uskayaw
Vehumet
Wu Jian
Yredelemnul
Zin
The Shining One
Jiyva

Shops:
D:2 :   D:9 :

Annotations:
D:8 3 runed translucent doors, HotDog's ghost, novice GrFi


Innate Abilities, Weirdness & Mutations

You have a pair of horns on your head.
You reflexively headbutt those who attack you in melee.
Your flesh is heat resistant. (rF+)
You are robust. (+10% HP)


Message History

The orc sorcerer gestures wildly while chanting.
The orc priest hits you but does no damage.
The orc priest closely misses you. You furiously retaliate!
You headbutt the orc priest.
You climb downwards.
The sixfirhy disappears in a puff of smoke!
The ogre hits you with a +0 giant club! The ogre barely misses you.
There is a stone staircase leading up here.
Okay, then.
You blink.
Okay, then.
The ogre attacks as you move away! The ogre hits you with a +0 giant club.
The orc priest calls down the wrath of Beogh upon you.
Beogh smites you! The ogre closely misses you.
Aiming: Iceblast
Press: ? - help, Q - select action, (/) - cycle Shift-Dir - straight line
Okay, then.
Okay, then.
You feel as though your hastened speed will last longer.
The ogre closely misses you.
The orc priest mumbles some strange prayers to Beogh against you.
Beogh smites you!
The orc priest mumbles some strange prayers to Beogh against you.
Beogh smites you!
* * * LOW HITPOINT WARNING * * *
The ogre attacks as you move away!
The ogre hits you with a +0 giant club!!
* * * LOW HITPOINT WARNING * * *
Your skin stops crawling.
You feel less strong-willed. Something hits you.
* * * LOW HITPOINT WARNING * * *
Deactivating autopickup; reactivate with Ctrl-A.
Okay, then.
Okay, then.
A red film seems to cover your vision as you go berserk!
You feel yourself moving faster!
You feel mighty! The ogre barely misses you. You furiously retaliate!
You headbutt the ogre. The ogre barely misses you. You furiously retaliate!
You headbutt the ogre.
The two-headed ogre hits you with a +0 giant spiked club.
You die...

############# ##
#..#....##..#### #.##
........o....#.##...#
.................#.##
....................##
.<......O....o.......#
$......O.....OOO@...#
............OO.OOOo###
............#...oo.#.##
.....O.....###........#
.....O.....##....§o..##
.........$.#....##.###
................# ##
............# #..#...##


You could see an orc high priest, 2 two-headed ogres, an orc sorcerer, 6 ogres
and 3 orc priests.

Vanquished Creatures
  An ettin (Orc:1)
  Harold (D:9)
  An ogre mage (Orc:2)
  A two-headed ogre (Orc:2)
  A deep elf zephyrmancer (D:9)
  2 orc knights
  A deep elf pyromancer (D:9)
  2 orc sorcerers (Orc:1)
  4 centaur zombies (D:7)
  2 centaur skeletons (D:7)
  Maggie (D:7)
  A komodo dragon (D:9)
  2 hellwings (D:7)
  A hornet (D:7)
  7 yaks
  2 steam dragons (D:9)
  A warg (Orc:2)
  Menkaure (D:6)
  3 water moccasins
  A sky beast (D:6)
  2 ice beasts
  Pargi (D:3)
  4 orc warriors
  A swamp drake (D:9)
  A black bear (D:7)
  A hornet zombie (D:7)
  3 centaurs
  2 ogres (Orc:1)
  2 necrophages
  A kobold brigand (D:4)
  9 bullfrogs
  5 scorpions
  8 wights
  3 howler monkeys (D:8)
  A crimson imp (D:9)
  6 hounds
  5 jellies
  A gnoll shaman (D:8)
  7 orc priests
  An iron imp (D:9)
  2 iguanas
  11 orc wizards
  Natasha (thrice) (D:4)
  12 gnolls
  5 adders
  A river rat (D:3)
  5 shadow imps
  A white imp (D:9)
  2 ufetubi (D:5)
  A worm (D:2)
  3 dart slugs
  45 orcs
  10 endoplasms
  6 goblins
  4 hobgoblins
  5 jackals
  2 quokkas (D:2)
  12 ball pythons
  4 bats
  6 frilled lizards
  2 giant cockroaches
  8 kobolds
  6 rats
256 creatures vanquished.

Vanquished Creatures (collateral kills)
  A hound (D:5)
1 creature vanquished.

Vanquished Creatures (others)
  A quokka (D:2)
  40 fungi (D:9)
  31 plants (D:9)
  7 withered plants (D:7)
79 creatures vanquished.

Grand Total: 336 creatures vanquished

Notes
Turn   | Place    | Note
-------+----------+-------------------------------------------
     0 | D:1      | FrostSilk the Minotaur Berserker began the quest for the
                  | Orb.
     0 | D:1      | Reached XP level 1. HP: 19/19 MP: 0/0
   385 | D:1      | Reached XP level 2. HP: 21/27 MP: 1/1
   823 | D:2      | Reached skill level 4 in Axes
   827 | D:2      | Found Plog's Book Shoppe.
   927 | D:2      | Reached XP level 3. HP: 33/33 MP: 2/2
  1123 | D:2      | Reached ** piety under Trog
  1817 | D:3      | Found a glowing drain.
  1824 | D:3      | Reached XP level 4. HP: 38/41 MP: 3/3
  1829 | Sewer    | Entered a sewer
  1906 | Sewer    | Noticed Pargi
  1938 | D:3      | Killed Pargi
  1939 | D:3      | Reached XP level 5. HP: 29/47 MP: 4/4
  2128 | D:3      | Reached skill level 5 in Fighting
  2128 | D:3      | Reached skill level 5 in Axes
  2460 | D:3      | Reached XP level 6. HP: 54/54 MP: 5/5
  2714 | D:4      | Found a radiant altar of Vehumet.
  2799 | D:4      | Identified the +6 dagger of Pain and Death {drain, Will+
                  | Int+2}
  3002 | D:4      | Noticed Natasha
  3008 | D:4      | Killed Natasha
  3391 | D:4      | Reached skill level 5 in Armour
  3391 | D:4      | Reached XP level 7. HP: 60/62 MP: 6/6
  3393 | D:4      | Noticed Natasha
  3401 | D:4      | Killed Natasha
  3432 | D:4      | Reached *** piety under Trog
  3433 | D:4      | Reached skill level 6 in Axes
  3451 | D:4      | Noticed Natasha
  3463 | D:4      | Killed Natasha
  3660 | D:5      | Entered Level 5 of the Dungeon
  3893 | D:5      | Found a staircase to the Ecumenical Temple.
  3899 | Temple   | Entered the Ecumenical Temple
  4021 | D:5      | Reached skill level 5 in Dodging
  4626 | D:6      | Reached XP level 8. HP: 69/71 MP: 7/7
  4627 | D:6      | Reached skill level 7 in Axes
  4757 | D:6      | Noticed Menkaure
  4769 | D:6      | Killed Menkaure
  4835 | D:6      | Reached skill level 8 in Axes
  5178 | D:7      | Noticed Maggie
  5186 | D:7      | Noticed a hellwing
  5197 | D:7      | Reached skill level 9 in Axes
  5207 | D:7      | Reached XP level 9. HP: 39/81 MP: 8/8
  5210 | D:7      | Reached skill level 10 in Axes
  5277 | D:7      | Killed a hellwing
  5278 | D:7      | Reached skill level 11 in Axes
  5367 | D:7      | Reached XP level 10. HP: 82/91 MP: 9/9
  5396 | D:7      | Killed Maggie
  5480 | D:7      | Reached skill level 12 in Axes
  5512 | D:7      | Reached skill level 10 in Fighting
  5668 | D:7      | Gained mutation: You are robust. (+10% HP) [potion of
                  | mutation]
  5668 | D:7      | Gained mutation: Your flesh is heat resistant. (rF+)
                  | [potion of mutation]
  5956 | D:8      | Reached **** piety under Trog
  5980 | D:8      | Reached skill level 13 in Axes
  5989 | D:8      | Reached skill level 10 in Armour
  6288 | D:8      | Found a runed translucent gate.
  6288 | D:8      | Found a runed translucent gate.
  6289 | D:8      | Found a runed translucent gate.
  6293 | D:8      | Noticed HotDog's ghost (novice GrFi)
  6512 | D:8      | Identified the +4 hunting sling "Kicouppili" {speed, rElec}
  8985 | D:8      | Found a viscous altar of Jiyva.
  9129 | D:9      | Reached XP level 11. HP: 100/111 MP: 10/10
  9162 | D:9      | Noticed Harold
  9179 | D:9      | Killed Harold
  9261 | D:9      | Reached skill level 14 in Axes
 12408 | D:9      | Found a staircase to the Lair.
 12592 | D:9      | Found a staircase to the Orcish Mines.
 12912 | D:9      | Found the +0 mask of the Dragon {Will+ Slay+3 SInv}
 12912 | D:9      | Noticed a deep elf zephyrmancer
 12943 | D:9      | Killed a deep elf zephyrmancer
 13099 | D:9      | Identified the +3 hat of the Past {+Blink rPois Slay+3}
 13138 | D:9      | Noticed a deep elf pyromancer
 13145 | D:9      | Killed a deep elf pyromancer
 13665 | D:9      | Found Joapipt's Book Shop.
 13734 | Orc:1    | Entered Level 1 of the Orcish Mines
 13830 | Orc:1    | Noticed an orc sorcerer
 13830 | Orc:1    | Noticed an orc sorcerer
 13832 | Orc:1    | Noticed an orc knight
 13848 | Orc:1    | Paralysed by an orc sorcerer for 4 turns
 13854 | Orc:1    | Killed an orc sorcerer
 13857 | Orc:1    | Killed an orc knight
 13857 | Orc:1    | Killed an orc sorcerer
 14172 | Orc:2    | Entered Level 2 of the Orcish Mines
 14172 | Orc:2    | Noticed an ettin
 14172 | Orc:2    | Noticed an orc knight
 14178 | Orc:1    | Killed an ettin
 14179 | Orc:1    | Reached skill level 15 in Axes
 14235 | Orc:2    | Killed an orc knight
 14247 | Orc:2    | Noticed a two-headed ogre
 14251 | Orc:2    | Noticed an ogre mage
 14255 | Orc:2    | Killed a two-headed ogre
 14260 | Orc:2    | Killed an ogre mage
 14261 | Orc:2    | Noticed a two-headed ogre
 14263 | Orc:2    | Noticed a two-headed ogre
 14266 | Orc:2    | Noticed an ogre mage
 14286 | Orc:1    | Noticed an orc high priest
 14286 | Orc:1    | Noticed an orc sorcerer
 14286 | Orc:1    | Noticed an orc sorcerer
 14288 | Orc:1    | Noticed a sixfirhy
 14292 | Orc:2    | HP: 3/114 [something (5)]
 14293 | Orc:2    | Slain by a two-headed ogre

Illustrated notes

Levels and vault maps discovered:
D:1:      lightli_arrival_noodles, layout_basic, minmay_pentomino_p4
D:2:      layout_basic, serial_shops, nicolae_square_shop
D:3:      layout_rooms, portal_sewer_entry_e, minmay_misc_feat_five
D:4:      layout_cave_pools, nicolae_vehumet_radiance, serial_column_ruins,
          column_ruins_hut, column_ruins_hut_pillars, column_ruins_open_small,
          column_ruins_columns_corner, column_ruins_grid_2,
          column_ruins_open_tiny, st_stairs_4, minivault_1, uniq_natasha
D:5:      layout_cave_pods, minmay_temple_entry_enclosed_plants,
          grunt_decor_fettered
D:6:      layout_cave_pools, minmay_misc_feat_plants, uniq_menkaure
D:7:      cheibrodos_grave_circle, layout_rooms, uniq_maggie
D:8:      layout_loops_ring, gammafunk_ghost_ooze, grunt_ministairs_4
D:9:      layout_gridville, due_lair_maze_entry_diamond, orc_0_dummy,
          serial_shops, nicolae_lakefront_shop, chequers_serial_rivers_micro_e,
          minivault_5, hangedman_minor_magic, uniq_harold
Temple:   dpeg_three_leaves_temple
Orc:1:    layout_caves, special_room [special_room_bee], uniq_erica
Orc:2:    st_orc_ogre_mass, layout_caves, basic_altar, uniq_snorg

Skill      XL: |  1  2  3  4  5  6  7  8  9 10 11 |
---------------+----------------------------------+-----
Fighting       | 4 5 6 8 9 10 12 | 12.1
Axes           | 4 5 6 9 11 13 15 | 15.6
Armour         | 3 4 5 7 9 10 11 | 11.8
Dodging        | 3 4 5 |  5.1

Action                   |  1- 3 |  4- 6 |  7- 9 | 10-12 || total
-------------------------+-------+-------+-------+-------++-------
Melee: Hand axe          |    80 |   133 |    46 |   285 ||   544
       Headbutt          |    11 |    15 |    32 |    67 ||   125
       Battleaxe         |       |       |   142 |    31 ||   173
       Punch             |       |       |       |     3 ||     3
Throw: Dart              |       |    12 |    31 |       ||    43
Invok: Berserk           |       |     4 |     5 |    11 ||    20
       Trog's Hand       |       |     1 |     2 |     7 ||    10
       Brothers in Arms  |       |       |       |     1 ||     1
 Abil: Evoke Blink       |       |       |       |     4 ||     4
Evoke: Wand              |       |       |     4 |    16 ||    20
  Use: Scroll            |     7 |     1 |    11 |     8 ||    27
       Potion            |       |       |     4 |     8 ||    12
Armor: Leather armour    |    24 |    36 |       |       ||    60
       Animal skin       |     1 |       |       |       ||     1
       Chain mail        |       |     3 |   208 |    20 ||   231
       Ring mail         |       |     1 |       |       ||     1
       Plate armour      |       |       |       |    88 ||    88
Dodge: Dodged            |    62 |    96 |   139 |   112 ||   409

Table legend: (Time is in decaauts)
 A = Elapsed time spent in this place.
 B = Non-inter-level travel time spent in this place.
 C = Inter-level travel time spent in this place.
 D = Time resting spent in this place.
 E = Time spent auto-exploring this place.
 F = Levels seen in this place.
 G = Mean time per level.
                   A        B        C        D        E       F      G
               +--------+--------+--------+--------+--------+-----+--------+
         Total |  14458 |  14239 |    219 |   6776 |   4271 |  13 | 1112.2 |
       Dungeon |  13756 |  13537 |    219 |   6562 |   4103 |   9 | 1528.4 |
        Temple |      3 |      3 |      0 |      0 |      0 |   1 |    3.0 |
  Orcish Mines |    572 |    572 |      0 |    214 |    168 |   2 |  286.0 |
         Sewer |    125 |    125 |      0 |      0 |      0 |   1 |  125.0 |
               +--------+--------+--------+--------+--------+-----+--------+

Top non-repeatable levels by time:
     D:9: 4716 daAuts
     D:8: 3149 daAuts
     D:4: 1141 daAuts
     D:2: 840 daAuts
     D:3: 825 daAuts
     D:1: 817 daAuts
     D:5: 813 daAuts
     D:6: 728 daAuts
     D:7: 723 daAuts
   Orc:1: 500 daAuts
   Sewer: 125 daAuts
   Orc:2: 71 daAuts
  Temple: 3 daAuts
